 Dungeon Crawl Stone Soup version 0.23.1-37-gaa34b87 (webtiles) character file.

Game seed: 13297660076253809308

128 Irenicus the Digger (level 4, 0/36 HPs)
             Began as a Deep Dwarf Earth Elementalist on Mar 23, 2019.
             Succumbed to a kobold's poison
             ... on level 3 of the Dungeon.
             The game lasted 00:05:39 (970 turns).

Irenicus the Digger (Deep Dwarf Earth Elementalist)  Turns: 970, Time: 00:05:39

Health: 0/36       AC:  3    Str: 12    XL:     4   Next: 87%
Magic:  3/5        EV: 12    Int: 16    God:
Gold:   95         SH:  0    Dex: 13    Spells: 3/6 levels left

rFire    + . .     SeeInvis .   k - +0 short sword (protect)
rCold    . . .     Gourm    .   (no shield)
rNeg     . . .     Faith    .   i - +0 leather armour
rPois    .         Spirit   .   (no helmet)
rElec    .         Reflect  .   (no cloak)
rCorr    .         Harm     .   (no gloves)
MR       .....                  (no boots)
Stlth    ++........             (no amulet)
HPRegen  0.00/turn              h - ring of protection from fire {rF+, !d}
MPRegen  0.09/turn              (no ring)

@: lethally poisoned (0 -> -26), non-regenerating
A: damage resistance, heal wounds, sense surroundings 1, no regeneration
a: Heal Wounds


You were on level 3 of the Dungeon.
You were hungry.

You visited 1 branch of the dungeon, and saw 3 of its levels.

You collected 95 gold pieces.

Inventory:

Hand Weapons
 k - a +0 short sword of protection (weapon)
   (You took it off a kobold on level 1 of the Dungeon)
Missiles
 b - 44 stones (quivered)
Armour
 i - a +0 leather armour (worn)
   (You found it on level 1 of the Dungeon)
Jewellery
 h - a ring of protection from fire (left hand) {rF+, !d}
   (You found it on level 2 of the Dungeon)
Scrolls
 a - a scroll of immolation {unknown}
 c - a scroll of enchant armour {unknown}
 e - a scroll of identify {unknown}
 g - a scroll of fear {unknown}
 j - a scroll of teleportation {unknown}
 l - a scroll of blinking {unknown}
Potions
 f - a potion of mutation {unknown}
Comestibles
 d - 5 rations


   Skills:
 - Level 2.1 Dodging
 - Level 2.4 Stealth
 - Level 1.7 Spellcasting
 - Level 0.8 Transmutations
 + Level 7.5 Earth Magic


You had 3 spell levels left.
You knew the following spells:

 Your Spells              Type           Power        Failure   Level  Hunger
a - Sandblast             Erth           ####..       1%          1    ##.....
w - Passwall              Tmut/Erth      ##......     8%          2    ###....

Your spell library contained the following spells:

 Spells                   Type           Power        Failure   Level  Hunger
 Stone Arrow              Conj/Erth      ##....       17%         3    ####...
 Lee's Rapid Deconstruct  Erth           ####......   34%         5    ######.
 Petrify                  Tmut/Erth      ##......     43%         4    #####..


Dungeon Overview and Level Annotations

Branches:
Dungeon (3/15)

Altars:


Innate Abilities, Weirdness & Mutations

You are resistant to damage.
You can heal yourself by infusing magical energy.
You passively map a small area around you.
You do not regenerate.


Message History

The kobold barely misses you.
You now have 3/6 mp.
Aim: a kobold, wielding a +0 whip The blast of sand hits the kobold.
b - 45 stones The kobold hits you with a +0 whip.
* * * LOW HITPOINT WARNING * * *
You take 1 damage, and have 5/36 hp.
You now have 2/6 mp.
Aim: a kobold, wielding a +0 whip (heavily wounded)
The blast of sand hits the kobold!
You kill the kobold!
b - 44 stones You are feeling hungry.
You now have 1/6 mp.
You fail to use your ability.
Your magical essence is drained by the effort!
You feel much better. The leopard gecko barely misses you. x2
You regained 30 hp, and now have 35/36 hp.
You hit the leopard gecko.
Your weapon exudes an aura of protection.
You kill the leopard gecko!
The goblin barely misses you.
A kobold comes into view. It is wielding a +1 dagger of venom.
The goblin hits you but does no damage.
You see here a +0 whip.
The kobold shouts!
You hit the hobgoblin. The goblin closely misses you. The hobgoblin misses you.
The kobold throws a stone.
The stone hits you but does no damage. The goblin hits you but does no damage.
The kobold throws a stone.
The stone barely misses you. The hobgoblin hits you with a +0 club.
You see here a bat corpse.
You take 1 damage, and have 34/36 hp.
The kobold throws a stone.
The stone closely misses you.
The stone hits the goblin.
The hobgoblin hits you but does no damage.
The kobold throws a stone.
The stone barely misses you.
The stone hits the goblin.
A dart slug comes into view.
The kobold misses you. The goblin misses you.
The kobold hits you with a +1 dagger of venom.
You are poisoned.
The hobgoblin closely misses you. The goblin hits you.
The kobold hits you with a +1 dagger of venom.
The hobgoblin hits you with a +0 club.
You take 2 damage, and have 32/36 hp.
The goblin completely misses you. The kobold hits you but does no damage.
You are more poisoned.
The hobgoblin hits you with a +0 club. The goblin hits you but does no damage.
The kobold hits you with a +1 dagger of venom.
You are more poisoned.
You take 1 damage, and have 31/36 hp.
You feel sick. The hobgoblin closely misses you. The goblin barely misses you.
The kobold hits you but does no damage.
You are more poisoned.
You take 2 damage, and have 29/36 hp.
You feel very sick.
The hobgoblin hits you but does no damage.
The goblin hits you. The kobold misses you.
The dart slug bites you but does no damage.
You take 3 damage, and have 26/36 hp.
You feel sick. The hobgoblin hits you with a +0 club.
The goblin closely misses you. The kobold barely misses you.
You take 2 damage, and have 24/36 hp.
You feel sick. The goblin barely misses you. The hobgoblin barely misses you.
The dart slug closely misses you. The kobold closely misses you.
You take 2 damage, and have 22/36 hp.
You feel sick. The goblin closely misses you. The hobgoblin barely misses you.
The kobold hits you with a +1 dagger of venom.
You are more poisoned.
The dart slug launches a dart at you. The slug dart hits you.
You take 3 damage, and have 19/36 hp.
You feel sick. The goblin barely misses you. The hobgoblin misses you.
The kobold hits you but does no damage.
You are lethally poisoned!
You take 2 damage, and have 17/36 hp.
You feel very sick. The goblin hits you but does no damage.
The dart slug barely misses you. The kobold hits you but does no damage.
You are more poisoned.
The hobgoblin barely misses you.
You take 4 damage, and have 13/36 hp.
* * * LOW HITPOINT WARNING * * *
You feel very sick. The goblin closely misses you.
The dart slug launches a dart at you. The slug dart hits you.
* * * LOW HITPOINT WARNING * * *
The kobold closely misses you. The hobgoblin hits you with a +0 club.
* * * LOW HITPOINT WARNING * * *
* * * LOW HITPOINT WARNING * * *
You feel very sick. The goblin hits you but does no damage.
The kobold hits you but does no damage.
You are more poisoned.
The hobgoblin barely misses you.
The dart slug bites you but does no damage.
You die...

, #..... ... ......
.... #.##.# , *
*#...# ##(##.# #
#.... ..##.##.# *
..... #...... *
#..##.##.######### *
#..wKg.((((......#
#...@g...)#.#.##.###
#.........#.#.......
*
*##.##.##..#....#.#
, *
......##..#.#.##.#
.##.#####.........#
# # * #.##.###..# ,
...##.###..## .#,
.........# *
....####.###


You could see a dart slug, a hobgoblin, a goblin and a kobold.

Vanquished Creatures
  Jessica (D:3)
  4 gnolls (D:2)
  An adder (D:2)
  A worm (D:2)
  A leopard gecko (D:3)
  A ball python (D:1)
  8 bats
  3 giant cockroaches
  A goblin (D:1)
  7 hobgoblins
  3 jackals (D:1)
  6 kobolds
  9 frilled lizards
  4 rats
50 creatures vanquished.

Notes
Turn   | Place    | Note
-------+----------+-------------------------------------------
     0 | D:1      | Irenicus the Deep Dwarf Earth Elementalist began the quest
                  | for the Orb.
     0 | D:1      | Reached XP level 1. HP: 15/15 MP: 3/3
   189 | D:1      | Reached XP level 2. HP: 22/22 MP: 2/4
   235 | D:1      | Reached skill level 5 in Earth Magic
   264 | D:1      | Learned a level 2 spell: Passwall
   390 | D:1      | Reached XP level 3. HP: 17/28 MP: 2/5
   594 | D:2      | Reached skill level 6 in Earth Magic
   616 | D:2      | HP: 4/28 [gnoll/+0 flail (12)]
   626 | D:2      | HP: 3/42 [gnoll/+0 flail (4)]
   628 | D:2      | Reached XP level 4. HP: 4/36 MP: 0/6
   634 | D:2      | HP: 2/54 [gnoll/+0 flail (1)]
   879 | D:2      | Reached skill level 7 in Earth Magic
   941 | D:3      | Noticed Jessica
   942 | D:3      | Killed Jessica
   943 | D:3      | HP: 6/36 [kobold/+0 whip (4)]
   968 | D:3      | HP: 7/36 [dart slug/slug dart (3)]
   969 | D:3      | HP: 3/36 [poisoned by a kobold]
   970 | D:3      | Succumbed to a kobold's poison

Skill      XL: |  1  2  3  4 |
---------------+-------------+-----
Earth Magic    | 5 6 7 |  7.5
Dodging        | |  2.1
Stealth        | |  2.4
Spellcasting   | |  1.7
Transmutations | |  0.8

Action                   |  1- 3 |  4- 6 || total
-------------------------+-------+-------++-------
Melee: Club              |    36 |       ||    36
       Short sword       |     8 |    16 ||    24
 Cast: Sandblast         |    39 |    14 ||    53
       Passwall          |     3 |       ||     3
 Abil: Heal Wounds       |       |     2 ||     2
  Use: Potion            |     2 |     1 ||     3
 Stab: Sleeping          |     1 |     2 ||     3
       Distracted        |     1 |       ||     1
  Eat: Chunk             |       |     1 ||     1
Armor: Robe              |     7 |       ||     7
       Leather armour    |     8 |    11 ||    19
       Skin              |     6 |     5 ||    11
Dodge: Dodged            |    46 |    33 ||    79

Levels and vault maps discovered:
D:1:      lemuel_arrival_river_bridge, layout_basic
D:2:      layout_loops_ring, first_ration
D:3:      layout_loops_cross, minmay_misc_feat_x, uniq_jessica

Table legend:
 A = Turns spent in this place as a percentage of turns spent in the entire game.
 B = Non-inter-level travel turns spent in this place as a percentage of non-inter-level travel turns spent in the entire game.
 C = Inter-level travel turns spent in this place as a percentage of turns spent in this place.
 D = Turns resting spent in this place as a percentage of non-inter-level travel turns spent in this place.
 E = Turns spent auto-exploring this place as a percentage of non-inter-level travel turns spent in this place.
 F = Non-inter-level travel turns spent in this place divided by the number of levels of this place that you've seen.
                   A       B       C       D       E      F
               +-------+-------+-------+-------+-------+----------------------
         Total | 100.0 | 100.0 |   0.0 |   1.2 |   0.0 | 323.3
       Dungeon | 100.0 | 100.0 |   0.0 |   1.2 |   0.0 | 323.3
               +-------+-------+-------+-------+-------+----------------------

Table legend:
 A = Kills in this place as a percentage of kills in entire the game.
 B = Kills by you in this place as a percentage of kills by you in the entire game.
 C = Kills by friends in this place as a percentage of kills by friends in the entire game.
 D = Other kills in this place as a percentage of other kills in the entire game.
 E = Experience gained in this place as a percentage of experience gained in the entire game.
 F = Experience gained in this place divided by the number of levels of this place that you have seen.
                   A       B       C       D       E      F
               +-------+-------+-------+-------+-------+----------------------
         Total | 100.0 | 100.0 |   N/A |   N/A | 100.0 |  61.3
       Dungeon | 100.0 | 100.0 |   N/A |   N/A | 100.0 |  61.3
               +-------+-------+-------+-------+-------+----------------------
